 Dungeon Crawl Stone Soup version 0.28.0-47-ge53b351184 (webtiles) character file.

Game seed: 2261222785614618292

1122 Bamboolord the Slasher (level 8, -4/59 (61) HPs)
             Began as a Demonspawn Gladiator on May 8, 2022.
             Was an Initiate of Wu Jian.
             Shot with an arrow by a centaur (8 damage)
             ... on level 8 of the Dungeon.
             The game lasted 00:10:48 (5981 turns).

Bamboolord the Slasher (Demonspawn Gladiator)       Turns: 5981, Time: 00:10:49

HP:   -4/59 (61)    AC: 15    Str: 15    XL:     8   Next: 12%
MP:   8/8           EV: 11    Int:  9    God:    Wu Jian [......]
Gold: 227           SH:  0    Dex: 17    Spells: 7/7 levels left

rFire   + . .      SeeInvis .   a - +0 long sword
rCold   . . .      Faith    .   (no shield)
rNeg    . . .      Spirit   .   l - +1 scale mail {rPois}
rPois   +          Reflect  .   c - +0 helmet
rElec   .          Harm     .   (no cloak)
rCorr   .          Rampage  .   (no gloves)
Will    .....                   (no boots)
Stlth   ..........              (no amulet)
HPRegen 0.19/turn               f - ring of protection from fire
MPRegen 0.11/turn               q - ring of flight

@: sanguine armoured, flying, lightly drained
A: claws 1, demonic guardian 1, sanguine armour 1
a: Renounce Religion


You were on level 8 of the Dungeon.
You worshipped Wu Jian.
Wu Jian was noncommittal.
You visited 2 branches of the dungeon, and saw 7 of its levels.

You collected 227 gold pieces.

Inventory:

Hand Weapons
 a - a +0 long sword (weapon)
Missiles
 d - 3 throwing nets (quivered)
Armour
 c - a +0 helmet (worn)
 l - a +1 scale mail of poison resistance (worn)
Jewellery
 f - a ring of protection from fire (left claw)
 q - a ring of flight (right claw)
Wands
 b - a wand of acid (12)
Scrolls
 j - a scroll of identify {unknown}
 k - a scroll of vulnerability {unknown}
 n - a scroll of magic mapping {unknown}
 p - a scroll of amnesia {unknown}
Potions
 h - a potion of heal wounds {unknown}
 m - a potion of flight
 o - a potion of haste {unknown}
 r - a potion of might {unknown}
 s - a potion of lignification {unknown}
 t - a potion of degeneration {unknown}


   Skills:
 * Level 4.5 Fighting
 * Level 6.7 Long Blades
 - Level 1.7 Throwing
 * Level 4.2 Armour
 + Level 3.4 Dodging
 + Level 0.1 Evocations


You had 7 spell levels left.
You didn't know any spells.
Your spell library contained the following spells:

 Spells                   Type           Power      Damage    Failure   Level
 Apportation              Tloc           0%         N/A       83%         1
 Foxfire                  Conj/Fire      0%         2x1d4     83%         1
 Sting                    Tmut/Pois      0%         1d3       83%         1
 Blink                    Tloc           0%         N/A       92%         2
 Corpse Rot               Necr/Air       0%         N/A       92%         2
 Poisonous Vapours        Pois/Air       0%         N/A       92%         2
 Sublimation of Blood     Necr           0%         N/A       92%         2
 Conjure Flame            Conj/Fire      0%         6-21      99%         3
 Ignite Poison            Fire/Tmut/Pois 0%         N/A       99%         3
 Inner Flame              Hex/Fire       0%         N/A       99%         3
 Flame Wave               Conj/Fire      0%         2d4       100%        4
 Olgreb's Toxic Radiance  Pois           0%         N/A       100%        4
 Petrify                  Tmut/Erth      0%         N/A       100%        4
 Sticky Flame             Conj/Fire      0%         2d3       100%        4
 Summon Lightning Spire   Summ/Air       0%         N/A       100%        4
 Irradiate                Conj/Tmut      0%         3d13      100%        5
 Lightning Bolt           Conj/Air       0%         1d11      100%        5
 Dispersal                Tloc           0%         N/A       100%        6


Dungeon Overview and Level Annotations

Branches:
Dungeon (5/15)             Temple (1/1) D:5

Altars:
Ashenzari
Elyvilon
Fedhas
Hepliaklqana
Kikubaaqudgha
Okawaru
Qazlal
Sif Muna
Wu Jian
Zin
The Shining One

Annotations:
D:3 1 runed translucent door, Exodus22XD's ghost, weakling MiFi
D:5 Grinder


Innate Abilities, Weirdness & Mutations

You have sharp fingernails.
A weak demonic guardian rushes to your aid.
When seriously injured, your blood forms armour. (AC +6)


Message History

Found 10 gold pieces.
The killer bee stings you but does no damage.
A hornet zombie comes into view.
Found 17 bolts.
The killer bee barely misses you. The hornet zombie barely misses you.
As you read the scroll of teleportation, it crumbles to dust.
You feel strangely unstable. The killer bee completely misses you.
The killer bee stings you but does no damage.
The killer bee stings you.
* * * LOW HITPOINT WARNING * * *
A demonic guardian appears!
The hornet zombie hits you but does no damage.
The killer bee barely misses you.
You feel better. The killer bee stings you.
* * * LOW HITPOINT WARNING * * *
The killer bee closely misses you.
The killer bee stings you but does no damage. x2
Your white imp closely misses the killer bee.
You feel better.
The killer bee stings you but does no damage.
The killer bee stings you!
* * * LOW HITPOINT WARNING * * *
The killer bee stings you but does no damage.
The killer bee barely misses you. The killer bee stings you.
* * * LOW HITPOINT WARNING * * *
The killer bee barely misses you.
Your white imp completely misses the killer bee.
You feel better.
Your surroundings suddenly seem different.
The centaur shoots an arrow.
The arrow misses you.
Unknown command.
The orc priest mumbles some strange prayers to Beogh against you.
Pain shoots through your body!
* * * LOW HITPOINT WARNING * * *
A demonic guardian appears!
The orc wizard mumbles some strange words.
The orc wizard flickers and vanishes!
Deactivating autopickup; reactivate with Ctrl-A.
The centaur shoots an arrow.
The arrow hits you!
You die...

.§§§zoz.$........##
.§§§§§.....c......##
..§§.§$............##
....................##
............o........##
......................#
......................##
#... .....{.........#
### ........@.5...#
...........####
#########..# #.# .. #.#
.. #..


You could see a centaur, an orc priest and a friendly ufetubus (summoned,
wandering).

Vanquished Creatures
  A water moccasin (D:5)
  A black bear (D:4)
  3 ogres
  A phantom (D:3)
  A scorpion (D:4)
  A water moccasin skeleton (D:5)
  A hound (D:5)
  A jelly (D:5)
  An orc wizard (D:4)
  3 adders
  A white imp (D:5)
  An ufetubus (D:4)
  An adder skeleton (D:4)
  A worm (D:2)
  3 dart slugs
  10 orcs
  4 endoplasms
  6 giant cockroaches
  9 goblins
  2 hobgoblins
  3 jackals (D:2)
  5 quokkas
  7 ball pythons
  6 bats
  7 frilled lizards
  5 kobolds
  6 rats
91 creatures vanquished.

Vanquished Creatures (collateral kills)
  An ogre (D:5)
  A scorpion (D:5)
  A water moccasin zombie (D:3)
  A hound (D:5)
  An iguana (D:4)
  A worm (D:2)
  A bat (D:2)
  3 jackals (D:2)
10 creatures vanquished.

Vanquished Creatures (others)
  A demonic plant (D:1)
  2 fungi (D:8)
  15 plants
18 creatures vanquished.

Grand Total: 119 creatures vanquished

Notes
Turn   | Place    | Note
-------+----------+-------------------------------------------
     0 | D:1      | Bamboolord the Demonspawn Gladiator began the quest for the
                  | Orb.
     0 | D:1      | Reached XP level 1. HP: 16/16 MP: 1/1
   152 | D:1      | Reached skill level 3 in Long Blades
   195 | D:1      | Got the Disquisition on Orientation and Feathers
   206 | D:1      | Gained mutation: A weak demonic guardian rushes to your
                  | aid. [demonic ancestry]
   206 | D:1      | Reached XP level 2. HP: 22/22 MP: 2/2
   390 | D:1      | Found a faded altar of an unknown god.
  1009 | D:2      | Reached XP level 3. HP: 21/27 MP: 3/3
  1668 | D:3      | Reached XP level 4. HP: 34/34 MP: 4/4
  1681 | D:3      | Got Sif Muna's Volume of Blistering Poisoning
  1829 | D:3      | Reached skill level 4 in Long Blades
  1829 | D:3      | Reached skill level 1 in Armour
  2099 | D:3      | Gained mutation: You have sharp fingernails. [demonic
                  | ancestry]
  2099 | D:3      | Reached XP level 5. HP: 39/39 MP: 5/5
  2114 | D:3      | Found a runed translucent door.
  2121 | D:3      | Noticed Exodus22XD's ghost (weakling MiFi)
  2759 | D:4      | Noticed an ogre
  2772 | D:4      | Noticed a phantom
  2879 | D:3      | Killed a phantom
  3423 | D:4      | Gained mutation: When seriously injured, your blood forms
                  | armour. (AC +6) [demonic ancestry]
  3423 | D:4      | Reached XP level 6. HP: 38/47 MP: 6/6
  3621 | D:4      | Reached skill level 5 in Long Blades
  3821 | D:4      | Reached XP level 7. HP: 30/52 MP: 7/7
  4530 | D:5      | Entered Level 5 of the Dungeon
  4585 | D:5      | Found a staircase to the Ecumenical Temple.
  4632 | Temple   | Entered the Ecumenical Temple
  4800 | Temple   | Became a worshipper of the Wu Jian Council
  4866 | D:5      | Reached skill level 6 in Long Blades
  5372 | D:5      | Reached XP level 8. HP: 7/61 MP: 8/8
  5886 | D:5      | Noticed Grinder
  5895 | D:5      | You are sucked into a shaft and drop 3 floors!
  5981 | D:8      | Shot with an arrow by a centaur

Illustrated notes

Levels and vault maps discovered:
D:1:      amcnicky_arrival_wind_blow, layout_loops_ring,
          shapermc_ecumenical_altar_gd
D:2:      layout_rooms, bh_walls_and_bars
D:3:      layout_loops_corners, ebering_ghost_sewer_d, chequers_jeans,
          palyth_stone_intersect
D:4:      layout_basic
D:5:      layout_rooms, kennysheep_little_box, minmay_temple_entry_large_hall,
          supply_closet_lemuel, nrook_mini_backslash, uniq_grinder
D:8:      layout_cave_pods, minmay_lair_entry_grove, doesnt_shop_hydraphobe,
          uniq_grum
Temple:   mainiacjoe_temple_hex_bubbles

Skill      XL: |  1  2  3  4  5  6  7 |
---------------+----------------------+-----
Long Blades    | 3 4 5 6 |  6.7
Dodging        | 3 |  3.4
Armour         | 1 2 3 4 |  4.2
Fighting       | 3 4 |  4.5
Throwing       | |  1.7
Evocations     | |  0.1

Action                   |  1- 3 |  4- 6 |  7- 9 || total
-------------------------+-------+-------+-------++-------
Melee: Long sword        |    95 |   137 |    95 ||   327
       Punch             |       |       |     3 ||     3
Throw: Throwing net      |       |     3 |       ||     3
Invok: Lunge             |       |       |     4 ||     4
Evoke: Wand              |       |     1 |       ||     1
  Use: Potion            |       |       |     6 ||     6
       Scroll            |       |       |     4 ||     4
 Stab: Sleeping          |     1 |       |       ||     1
       Distracted        |       |       |     1 ||     1
Armor: Leather armour    |    17 |       |       ||    17
       Ring mail         |    36 |       |       ||    36
       Scale mail        |     4 |    91 |    40 ||   135
Dodge: Dodged            |    75 |    89 |    68 ||   232
